AoeStats
← Chlupinek

Black Forest

504600989Analyzed
4v4 RM · 25d ago on Sep 5, 2026· 52m 47s· 8 players
Game mode
Random Map
Map size
Large (8 player)
Population
200
Speed
Normal
Resources
Standard
Victory
Conquest
Starting age
Dark Age
Ending age
Imperial Age
RankedLock teamsTeams togetherTeam positionsShared explorationLock speedFull tech treeHidden civsTurbo modeCheats
Victory
Defeat
🇧🇪 Spanish · Belgium
1631
+13
🇨🇿 Bohemians · Czechia
1603
+14
🇮🇹 Persians · Italy
1449
+20
🇮🇹 Ethiopians · Italy
1421
+21
🇮🇹 Mongols · Italy
1630
-20
🇦🇷 Wei · Argentina
1573
-18
🇨🇱 Persians · Chile
1530
-16
🇲🇽 Bohemians · Mexico
1479
-14
YuF
10:36 Feudal Age
12:33 Double-Bit Axe
12:33 Horse Collar
14:59 Castle Age
14:55 Wheelbarrow
15:43 Heavy Plow
15:54 Bow Saw
16:20 Fervor
24:59 Hand Cart
24:33 Town Watch
25:13 Redemption
26:10 Sanctity
30:59 Imperial Age
28:46 Scale Mail Armor
29:58 Chemistry
30:38 Chain Mail Armor
30:55 Squires
30:41 Arson
30:16 Pikeman
31:31 Forging
31:58 Block Printing
32:05 Conscription
32:56 Two-Man Saw
32:05 Siege Engineers
32:45 Wagenburg Tactics
33:02 Ballistics
32:27 Halberdier
33:48 Plate Mail Armor
33:55 Iron Casting
34:10 Hussite Reforms
35:03 Illumination
35:49 Blast Furnace
35:49 Illumination
36:48 Atonement
37:11 Houfnice
44:40 Devotion
44:36 Herbal Medicine
45:18 Theocracy
48:47 Fletching
51:39 Masonry
51:27 Murder Holes
50:59 Elite Hussite Wagon
53:25 Architecture
benja23
11:07 Feudal Age
14:47 Castle Age
12:33 Double-Bit Axe
12:58 Horse Collar
16:03 Bow Saw
16:04 Heavy Plow
23:13 Wheelbarrow
25:23 Hand Cart
27:20 Gold Mining
27:20 Stone Mining
32:06 Imperial Age
29:38 Scale Mail Armor
29:44 Scale Barding Armor
30:30 Forging
31:41 Chain Barding Armor
31:57 Iron Casting
31:35 Bloodlines
31:26 Husbandry
33:06 Plate Barding Armor
31:53 Elite War Elephant
32:54 Conscription
33:39 Blast Furnace
34:27 Gold Shaft Mining
35:42 Caravan
36:25 Masonry
37:42 Devotion
39:05 Faith
44:29 Crop Rotation
46:14 Hoardings
46:29 Citadels
46:33 Fletching
49:05 Chemistry
48:01 Bodkin Arrow
48:39 Architecture
~BroKen~
0:58 Loom
12:18 Feudal Age
13:11 Double-Bit Axe
13:33 Horse Collar
19:29 Castle Age
21:10 Fortified Wall
22:14 Scale Mail Armor
22:31 Bow Saw
23:09 Wheelbarrow
23:49 Heavy Plow
30:31 Hand Cart
33:50 Imperial Age
31:56 Gold Mining
31:58 Stone Mining
32:02 Fletching
32:13 Padded Archer Armor
33:14 Gold Shaft Mining
32:47 Tuntian
33:45 Stone Shaft Mining
33:09 Bodkin Arrow
34:00 Thumb Ring
34:19 Ballistics
35:04 Conscription
35:46 Chemistry
34:50 Bracer
35:05 Leather Archer Armor
34:56 Scale Barding Armor
35:04 Bloodlines
34:58 Husbandry
35:36 Parthian Tactics
36:16 Crop Rotation
36:34 Ring Archer Armor
SiMpSoN
4:42 Loom
7:07 Feudal Age
16:33 Castle Age
15:33 Double-Bit Axe
15:34 Horse Collar
18:18 Fletching
27:47 Bow Saw
30:52 Wheelbarrow
31:26 Gold Mining
35:00 Imperial Age
33:02 Stone Mining
33:48 Gold Shaft Mining
33:17 Heavy Plow
34:30 Bodkin Arrow
35:02 Ballistics
34:59 Padded Archer Armor
35:43 Bracer
36:26 Hand Cart
37:00 Thumb Ring
38:26 Chemistry
38:57 Parthian Tactics
38:17 Elite Mangudai
39:47 Leather Archer Armor
40:52 Scale Mail Armor
41:16 Conscription
43:42 Bloodlines
43:33 Husbandry
45:46 Caravan
48:38 Siege Engineers
48:42 Murder Holes
Malice
11:46 Feudal Age
12:44 Loom
15:21 Castle Age
13:44 Double-Bit Axe
13:39 Horse Collar
23:58 Wheelbarrow
25:08 Hand Cart
24:38 Loom
26:27 Bow Saw
30:18 Imperial Age
28:11 Scale Barding Armor
28:17 Forging
28:50 Caravan
29:19 Bloodlines
29:02 Gold Mining
30:21 Chain Barding Armor
30:02 Husbandry
29:58 Town Watch
31:22 Conscription
31:23 Block Printing
32:34 Chemistry
32:22 Plate Barding Armor
32:23 Iron Casting
31:22 Cavalier
31:52 Onager
32:30 Cavalier
34:39 Two-Man Saw
33:53 Heavy Plow
34:50 Sanctity
34:57 Illumination
35:11 Theocracy
34:48 Fervor
34:50 Inquisition
35:02 Paladin
36:09 Stone Mining
36:31 Guilds
39:25 Devotion
39:47 Heresy
40:09 Iron Casting
42:52 Masonry
43:03 Bombard Tower
43:45 Blast Furnace
42:35 Fletching
43:08 Ballistics
46:53 Architecture
46:19 Murder Holes
46:44 Bodkin Arrow
47:27 Hoardings
49:07 Faith
50:53 Redemption
53:21 Supremacy
52:22 Elite Conquistador
52:23 Light Cavalry
53:05 Scale Mail Armor
53:05 Bracer
53:18 Fortified Wall
53:06 Herbal Medicine
52:35 Man-at-Arms
53:01 Gambesons
53:16 Squires
52:36 Pikeman
Chlupinek
2:01 Loom
11:57 Feudal Age
16:40 Castle Age
15:15 Horse Collar
20:55 Fervor
23:08 Double-Bit Axe
24:48 Wheelbarrow
24:17 Heavy Plow
24:49 Bow Saw
30:31 Imperial Age
28:49 Sanctity
29:35 Chemistry
29:14 Scale Mail Armor
28:38 Pikeman
30:10 Squires
29:56 Arson
30:28 Chain Mail Armor
31:08 Hand Cart
30:38 Halberdier
31:58 Plate Mail Armor
32:34 Two-Man Saw
32:19 Forging
32:36 Houfnice
33:54 Town Watch
35:14 Iron Casting
35:04 Conscription
34:41 Treadmill Crane
35:31 Caravan
37:00 Blast Furnace
36:14 Masonry
36:52 Fletching
37:08 Siege Engineers
38:26 Bodkin Arrow
39:02 Architecture
39:02 Wagenburg Tactics
41:07 Ballistics
40:48 Bracer
40:53 Guard Tower
41:53 Bombard Tower
42:33 Murder Holes
45:12 Ballistics
46:45 Guilds
47:06 Coinage
48:08 Banking
50:55 Town Patrol
Wendysocute
10:55 Feudal Age
14:38 Castle Age
12:42 Double-Bit Axe
16:33 Bow Saw
16:08 Horse Collar
22:54 Wheelbarrow
22:49 Heavy Plow
28:09 Imperial Age
25:48 Gold Mining
26:21 Hand Cart
26:02 Stone Mining
28:11 Stone Shaft Mining
28:14 Gold Shaft Mining
27:48 Loom
27:50 Town Watch
28:17 Scale Barding Armor
28:22 Forging
29:42 Two-Man Saw
29:14 Crop Rotation
29:24 Town Patrol
30:10 Elite War Elephant
31:47 Conscription
32:17 Devotion
32:59 Chain Barding Armor
33:14 Iron Casting
32:42 Husbandry
32:52 Bloodlines
32:57 Citadels
33:56 Masonry
35:21 Plate Barding Armor
34:40 Fletching
40:50 Hoardings
40:40 Cavalier
43:11 Light Cavalry
45:15 Caravan
47:15 Hussar
52:29 Savar
511
6:14 Loom
8:53 Feudal Age
11:27 Double-Bit Axe
18:49 Castle Age
16:56 Horse Collar
17:42 Fletching
20:04 Bow Saw
20:36 Crossbowman
23:51 Loom
25:14 Wheelbarrow
25:48 Gold Mining
27:18 Hand Cart
27:20 Stone Mining
28:24 Town Watch
33:55 Imperial Age
31:54 Ballistics
32:28 Thumb Ring
33:09 Bodkin Arrow
34:09 Arbalester
35:54 Chemistry
35:00 Bracer
35:01 Padded Archer Armor
35:27 Squires
40:04 Conscription
40:11 Siege Engineers
49:29 Caravan
49:05 Elite Skirmisher
51:31 Leather Archer Armor
Connection lost

Rejoining the realm…

Still unreachable

The connection could not be restored.

Session expired

The server has moved on; the page needs a fresh start.